 Dungeon Crawl Stone Soup version 0.26-a0-1184-g95e395e029 (webtiles) character file.

Game seed: 9201037355258824849

59087 wythoutpain the Severer (level 14, 0/126 (129) HPs)
             Began as a Minotaur Berserker on Dec 27, 2020.
             Was a High Priest of Trog.
             Killed from afar by an orc sorcerer (11 damage)
             ... with a bolt of negative energy
             ... on level 2 of the Orcish Mines on Dec 28, 2020.
             The game lasted 03:01:14 (19879 turns).

wythoutpain the Severer (Minotaur Berserker)       Turns: 19879, Time: 03:01:15

HP:   0/126 (129)   AC: 19    Str: 27    XL:     14   Next: 51%
MP:   13/13         EV: 11    Int:  4    God:    Trog [*****.]
Gold: 1583          SH: 13    Dex: 13    Spells: 13/13 levels left

rFire    + + +     SeeInvis +   L - +9 broad axe of Plague {flame, rF++ Str+3}
rCold    . . .     Faith    .   J - +0 kite shield
rNeg     + . .     Spirit   .   A - +1 chain mail {rN+}
rPois    .         Reflect  .   (helmet restricted)
rElec    .         Harm     .   d - +1 cloak
rCorr    .         Rampage  .   q - +0 pair of gloves
Will     +++..                  T - +0 pair of boots
Stlth    ..........             E - amulet of regeneration
HPRegen  1.71/turn              g - ring of see invisible
MPRegen  0.13/turn              n - ring of protection from fire

@: lethally poisoned (0 -> 0), regenerating, lightly drained
A: retaliatory headbutt, horns 2
a: Renounce Religion, Berserk, Trog's Hand, Brothers in Arms


You were on level 2 of the Orcish Mines.
You worshipped Trog.
Trog was extremely pleased with you.
You visited 4 branches of the dungeon, and saw 20 of its levels.

You collected 1583 gold pieces.

Inventory:

Hand Weapons
 H - a +3 halberd of freezing
 L - the +9 broad axe of Plague (weapon) {flame, rF++ Str+3}
   (Trog gifted it to you on level 9 of the Dungeon)

   It has been specially enchanted to burn those struck by it, causing extra
   injury to most foes and up to half again as much damage against particularly
   susceptible opponents.
   Big, fiery blades are also staple armaments of hydra-hunters.
   It affects your strength (+3).
   It greatly protects you from fire.
 O - a +1 falchion of holy wrath
Missiles
 h - 6 boomerangs
 v - 14 poisoned darts
 y - 4 throwing nets
 D - 8 atropa-tipped darts
 K - 3 silver boomerangs
 S - 13 javelins (quivered)
Armour
 d - a +1 cloak (worn)
 q - a +0 pair of gloves (worn)
 A - a +1 chain mail of positive energy (worn)
 J - a +0 kite shield (worn)
 T - a +0 pair of boots (worn)
Jewellery
 g - a ring of see invisible (left hand)
 n - a ring of protection from fire (right hand)
 E - an amulet of regeneration (around neck)
 Y - an uncursed ring of flight
Wands
 u - a wand of polymorph (13)
 x - a wand of iceblast (4)
 G - a wand of paralysis (8)
 P - a wand of acid (5)
 U - a wand of digging (7)
 V - a wand of enslavement (5)
Scrolls
 a - a scroll of fear
 c - 8 scrolls of remove curse
 l - 4 scrolls of magic mapping
 m - 8 scrolls of teleportation
 F - a scroll of identify
 M - 4 scrolls of enchant weapon
 Q - a scroll of enchant armour
Potions
 b - 4 potions of curing
 e - 4 potions of flight
 f - a potion of berserk rage
 j - 2 potions of haste
 k - a potion of degeneration {unknown}
 o - a potion of ambrosia
 r - 7 potions of mutation
 s - a potion of cancellation
 w - 2 potions of invisibility
 B - a potion of lignification
 R - 2 potions of might
 X - 2 potions of resistance
Miscellaneous
 C - a phial of floods
 N - a lightning rod (4/4)


   Skills:
 + Level 13.3 Fighting
 + Level 17.0(17.7) Axes
 + Level 9.5(14.3) Maces & Flails
 + Level 5.9 Throwing
 + Level 12.5 Armour
 + Level 6.2 Dodging
 - Level 1.0 Stealth
 + Level 11.6 Shields
 + Level 0.1 Evocations


You had 13 spell levels left.
You didn't know any spells.
Your spell library was empty.

Dungeon Overview and Level Annotations

Branches:
Dungeon (11/15)            Temple (1/1) D:7            Lair (6/6) D:10
 Shoals (0/4) Lair:3       Spider (0/4) Lair:4        Slime (0/5) Lair:5
    Orc (2/2) D:11
    Elf: Orc:2

Altars:
Ashenzari
Cheibriados
Dithmenos
Elyvilon
Fedhas
Gozag
Hepliaklqana
Kikubaaqudgha
Makhleb
Nemelex Xobeh
Okawaru
Qazlal
Ru
Sif Muna
Trog
Uskayaw
Vehumet
Wu Jian
Xom
Yredelemnul
Zin
The Shining One
Beogh

Shops:
D:4 [   D:6 }   D:11 :

Annotations:
D:7 exclusion: oklob plant


Innate Abilities, Weirdness & Mutations

You reflexively headbutt those who attack you in melee.
You have a pair of horns on your head.


Message History

An orc comes into view. It is wielding a +0 falchion.
The orc wizard gestures at itself while chanting.
The orc wizard flickers and vanishes for a moment.
Things that are here:
a +0 club; a +0 ring mail; an orc corpse You feel sick.
The orc wizard hits you but does no damage.
The orc priest casts a cantrip, but nothing happens.
The orc sorcerer points at you and mumbles some strange words.
The bolt of negative energy hits the orc!
The orc is drained!
The orc dies!
The bolt of negative energy hits the orc!!!
The orc is drained!
The orc dies!
The bolt of negative energy hits the orc!!
The orc is drained!
The orc dies!
The bolt of negative energy hits you! You partially resist.
You feel drained.
You die...

.......$.....##
..##8...8##..#
####4o'####..#
#..oo.....#..#
#.#4oo..#.# ##
#.o[......#
#T#[o...#.#
#o)o......#
#@#.....#.#
#.oh......#
#.#o....#.#
#..o.o....# .
#.#.....#. .
......#.. .....
.# ###
......### '###
.)##.## .......
.. .))o..#
....#..


You could see a troll, a warg, an orc sorcerer, 3 orc warriors, 2 orc priests,
an orc wizard (invisible) and 5 orcs.

Vanquished Creatures
  Azrael (Orc:2)
  Snorg (Lair:3)
  A fire dragon (Lair:6)
  Harold (D:7)
  Josephine (Lair:5)
  6 hydras
  A boulder beetle (Lair:2)
  Erica (Orc:1)
  A catoblepas (Lair:6)
  7 two-headed ogres
  5 death yaks (Lair:5)
  A queen ant (D:11)
  An ogre mage (Orc:2)
  A sixfirhy (D:11)
  A swamp dragon (Lair:6)
  5 elephants
  Psyche (D:11)
  5 black mambas
  17 cane toads
  2 torpor snails
  7 rime drakes
  8 komodo dragons
  2 trolls
  A jumping spider (Lair:4)
  2 polar bears
  The ghost of LEttuce22 the Bolt Thrower, an amateur KoHu (D:5)
  2 redbacks (Lair:4)
  A vampire (D:11)
  5 wraiths
  47 yaks
  3 wyverns
  5 basilisks
  4 steam dragons
  4 fire elementals
  2 wargs (D:10)
  17 soldier ants (D:11)
  Edmund (D:6)
  An acid dragon (Lair:6)
  19 water moccasins
  3 hell hounds (Orc:2)
  2 swamp drakes (Lair:6)
  11 orc warriors
  5 sky beasts
  10 ogres
  5 black bears
  6 ice beasts
  3 necrophages
  A phantom (D:7)
  13 wolves
  3 centaurs
  Blork the orc (D:6)
  15 bullfrogs
  A water moccasin skeleton (D:2)
  3 scorpions
  5 wights (D:8)
  3 howler monkeys
  An electric eel (Lair:1)
  8 crimson imps (D:8)
  A centaur zombie (D:6)
  5 jellies
  5 hounds
  18 orc wizards
  17 orc priests
  9 iguanas
  A bullfrog skeleton (D:8)
  2 centaur skeletons (D:6)
  Natasha (thrice) (D:4)
  39 worker ants
  3 killer bee zombies
  A hound zombie (D:6)
  A worker ant zombie (D:5)
  3 gnolls (D:6)
  5 adders
  2 shadow imps
  A white imp (D:8)
  2 ufetubi
  5 oozes
  2 adder skeletons
  An adder zombie (D:5)
  3 worms
  2 dart slugs
  3 leopard geckos
  81 orcs
  A bat (D:3)
  8 giant cockroaches
  2 goblins
  7 hobgoblins
  4 jackals (D:11)
  6 quokkas
  A ball python (D:1)
  3 frilled lizards
  A jackal zombie (D:7)
  9 kobolds
  2 leopard gecko skeletons
  3 rats
  A spectral orc (D:5)
554 creatures vanquished.

Vanquished Creatures (collateral kills)
  2 ogre magi (Orc:2)
  3 ogres (Orc:2)
  An orc wizard (Orc:2)
  3 orcs (Orc:2)
9 creatures vanquished.

Vanquished Creatures (others)
  Urug (Lair:5)
  3 blink frogs (Lair:5)
  A basilisk (Lair:6)
  An orc wizard (D:6)
  6 orcs
  19 fungi
  44 plants
75 creatures vanquished.

Grand Total: 638 creatures vanquished

Notes
Turn   | Place    | Note
-------+----------+-------------------------------------------
     0 | D:1      | wythoutpain the Minotaur Berserker began the quest for the
                  | Orb.
     0 | D:1      | Reached XP level 1. HP: 19/19 MP: 0/0
   286 | D:1      | Reached XP level 2. HP: 27/27 MP: 1/1
   603 | D:1      | Reached skill level 4 in Axes
   844 | D:2      | Found a white marble altar of Elyvilon.
  1101 | D:2      | Reached XP level 3. HP: 16/34 MP: 2/2
  1101 | D:2      | Reached XP level 4. HP: 20/41 MP: 3/3
  1276 | D:2      | Found an ornate altar of the Wu Jian Council.
  2032 | D:3      | Reached skill level 5 in Axes
  2040 | D:3      | Reached ** piety under Trog
  2047 | D:3      | HP: 1/41 [orc/+0 club (2)]
  2521 | D:3      | Reached skill level 5 in Fighting
  2635 | D:3      | Reached XP level 5. HP: 48/48 MP: 4/4
  3527 | D:4      | Found Kaengaf's Armour Emporium.
  3594 | D:4      | Noticed Natasha
  3600 | D:4      | Killed Natasha
  3601 | D:4      | Reached skill level 1 in Stealth
  3819 | D:4      | Noticed Natasha
  3826 | D:4      | Killed Natasha
  3848 | D:4      | Noticed Natasha
  3858 | D:4      | Killed Natasha
  3859 | D:4      | Reached skill level 6 in Axes
  3859 | D:4      | Reached XP level 6. HP: 33/56 MP: 5/5
  4010 | D:4      | Found a burning altar of Makhleb.
  4229 | D:5      | Entered Level 5 of the Dungeon
  4307 | D:5      | Reached skill level 1 in Throwing
  4380 | D:5      | Reached *** piety under Trog
  4382 | D:5      | Reached XP level 7. HP: 61/61 MP: 6/6
  4608 | D:5      | Reached skill level 7 in Axes
  4764 | D:5      | Found a basalt altar of Yredelemnul.
  4770 | D:5      | Found a transporter.
  4780 | D:5      | Noticed LEttuce22's ghost (amateur KoHu)
  4795 | D:5      | Found a transporter.
  5177 | D:5      | Found a glowing golden altar of the Shining One.
  5264 | D:5      | Killed LEttuce22's ghost
  5265 | D:5      | Reached skill level 8 in Axes
  5265 | D:5      | Reached skill level 5 in Armour
  5265 | D:5      | Reached XP level 8. HP: 71/71 MP: 7/7
  5371 | D:6      | Noticed Blork the orc
  5389 | D:6      | Killed Blork the orc
  5782 | D:6      | Reached skill level 9 in Axes
  5994 | D:6      | Found Fanla's Gadget Shop.
  6061 | D:6      | Reached **** piety under Trog
  6332 | D:6      | Reached XP level 9. HP: 38/79 MP: 8/8
  6338 | D:6      | Reached skill level 1 in Maces & Flails
  6475 | D:6      | Noticed Edmund
  6484 | D:6      | Killed Edmund
  6485 | D:6      | Reached skill level 10 in Axes
  7051 | D:6      | Reached skill level 5 in Dodging
  7177 | D:7      | Found a transporter.
  7284 | D:7      | Noticed a troll
  7287 | D:7      | Found a roughly hewn altar of Beogh.
  7287 | D:7      | Found a transporter.
  7428 | D:7      | Found a white marble altar of Elyvilon.
  7428 | D:7      | Noticed an oklob plant
  7472 | D:7      | Found a staircase to the Ecumenical Temple.
  7476 | D:7      | Found a shimmering blue altar of Sif Muna.
  7477 | D:7      | Found a hide-covered altar of Uskayaw.
  7608 | D:7      | Reached skill level 5 in Maces & Flails
  7972 | D:7      | Noticed Harold
  7991 | D:7      | Killed Harold
  7992 | D:7      | Reached XP level 10. HP: 55/88 MP: 9/9
  8887 | D:8      | Reached ***** piety under Trog
  8900 | D:8      | Found a bloodstained altar of Trog.
  9328 | D:8      | Found an ancient bone altar of Kikubaaqudgha.
  9755 | D:9      | Reached skill level 1 in Shields
 10171 | D:9      | Reached XP level 11. HP: 97/97 MP: 10/10
 10257 | D:9      | Received a gift from Trog
 10258 | D:9      | Got a crystal broad axe {god gift}
 10259 | D:9      | Identified the +9 broad axe of Plague {flame, rF++ Str+3}
                  | (Trog gifted it to you on level 9 of the Dungeon)
 10563 | D:9      | Found a roughly hewn altar of Beogh.
 10989 | D:10     | Entered Level 10 of the Dungeon
 11227 | D:10     | Found a staircase to the Lair.
 12075 | D:11     | Reached skill level 10 in Armour
 12096 | D:11     | Found a staircase to the Orcish Mines.
 12117 | D:11     | Found a runed translucent door.
 12118 | D:11     | Noticed a sixfirhy
 12144 | D:11     | Found Nejid's Book Shoppe.
 12204 | D:11     | Reached skill level 11 in Axes
 12208 | D:11     | Reached skill level 5 in Shields
 12210 | D:11     | Noticed a queen ant
 12212 | D:11     | Reached skill level 10 in Fighting
 12223 | D:11     | Killed a queen ant
 12393 | D:11     | Reached skill level 12 in Axes
 12497 | D:11     | Found a shadowy altar of Dithmenos.
 12619 | D:11     | Noticed Psyche
 12627 | D:11     | Killed Psyche
 12766 | D:11     | Noticed a two-headed ogre
 12773 | D:11     | Killed a two-headed ogre
 13013 | D:11     | Killed a sixfirhy
 13097 | Lair:1   | Entered Level 1 of the Lair of Beasts
 13151 | Lair:1   | Reached XP level 12. HP: 89/107 MP: 11/11
 13791 | Temple   | Entered the Ecumenical Temple
 14291 | Lair:2   | Noticed a boulder beetle
 14301 | Lair:2   | Killed a boulder beetle
 14302 | Lair:2   | Reached skill level 13 in Axes
 15010 | Lair:3   | Noticed Snorg
 15019 | Lair:3   | Killed Snorg
 15087 | Lair:3   | Reached skill level 14 in Axes
 15185 | Lair:3   | Reached ****** piety under Trog
 15303 | Lair:3   | Found a staircase to the Shoals.
 15711 | Lair:4   | Reached XP level 13. HP: 43/116 MP: 12/12
 15837 | Lair:4   | Found a runed translucent door.
 16032 | Lair:4   | Found a hole to the Spider Nest.
 16052 | Lair:4   | Received a gift from Trog
 16658 | Lair:5   | Killed Urug
 16660 | Lair:5   | Found a staircase to the Slime Pits.
 16823 | Lair:5   | Reached skill level 15 in Axes
 17028 | Lair:5   | Noticed Josephine
 17035 | Lair:5   | Killed Josephine
 17197 | Lair:5   | Reached skill level 10 in Shields
 17353 | Lair:5   | Reached skill level 5 in Throwing
 17862 | Lair:6   | Entered Level 6 of the Lair of Beasts
 18032 | Lair:6   | Received a gift from Trog
 18064 | Lair:6   | Reached skill level 16 in Axes
 18232 | Lair:6   | Reached XP level 14. HP: 115/127 MP: 13/13
 19415 | Orc:1    | Entered Level 1 of the Orcish Mines
 19568 | Orc:1    | Noticed Erica
 19575 | Orc:1    | Killed Erica
 19749 | Orc:2    | Entered Level 2 of the Orcish Mines
 19753 | Orc:2    | Noticed Azrael
 19768 | Orc:2    | Killed Azrael
 19825 | Orc:2    | Received a gift from Trog
 19869 | Orc:2    | Reached skill level 17 in Axes
 19879 | Orc:2    | Killed from afar by an orc sorcerer

Illustrated notes

Levels and vault maps discovered:
D:1:      lightli_arrival_chessboard, layout_rooms,
          minmay_misc_feat_four_crosses
D:2:      layout_basic, elyvilon_altar_5, overflow_temple_1_default
D:3:      layout_basic
D:4:      layout_basic, makhleb_heckhound_becter, serial_shops,
          nicolae_shop_behind_doors, dk_rats_in_the_wall, uniq_natasha
D:5:      layout_cave_pools, marbit_many_paths,
          yredelemnul_forgotten_temple_becter, gammafunk_ghost_arena
D:6:      layout_basic, serial_shops, shop, uniq_blork_the_orc, uniq_edmund
D:7:      gammafunk_beogh_shrine, layout_gridville,
          chequers_temple_overflow_statue_of_worship,
          minmay_temple_entry_overgrown, chequers_garden, serial_bayou_lagoon_a,
          chequers_decorated_corner, lemuel_oklob_altar, uniq_harold
D:8:      layout_loops_corners, trog_ov_bears_minmay, kiku_gazebo_pond_becter,
          minmay_nine_imps
D:9:      layout_gridville, special_room [special_room_orc]
D:10:     layout_basic, erik_lair_orcish_takeover
D:11:     cheibrodos_shockbox, layout_loops_ring, david_orc_2, basic_altar,
          serial_shops, shop, zaba_anthell, uniq_psyche
Temple:   nicolae_temple_god_jail
Lair:1:   layout_regular_city, infiniplex_staircase_pool
Lair:2:   layout_chaotic_city
Lair:3:   layout_misc_corridors, shoals_dummy_entry, lemuel_fruit_tree,
          uniq_snorg
Lair:4:   layout_concentric_octagons, spider_nest_entry_a, pf_torpor_hydra
Lair:5:   layout_cave_pods, nicolae_slime_entry_slimehenge, uniq_urug,
          uniq_josephine
Lair:6:   guppyfry_lair_end_dragon, layout_gridlike
Orc:1:    layout_caves, uniq_erica
Orc:2:    st_orc_ogre_mass, layout_caves, minmay_orc_temple_b, uniq_azrael

Skill      XL: |  1  2  3  4  5  6  7  8  9 10 11 12 13 14 |
---------------+-------------------------------------------+-----
Fighting       | 4 5 6 7 8 9 10 11 12 13 | 13.3
Axes           | 4 5 6 8 9 10 12 14 16 17 | 17.0
Dodging        | 3 4 5 6 |  6.2
Armour         | 3 4 5 6 7 9 10 11 12 | 12.5
Stealth        | 1 |  1.0
Throwing       | 1 2 3 4 5 |  5.9
Maces & Flails | 6 9 |  9.5
Shields        | 3 6 8 10 11 | 11.6
Evocations     | |  0.1

Action                   |  1- 3 |  4- 6 |  7- 9 | 10-12 | 13-15 || total
-------------------------+-------+-------+-------+-------+-------++-------
Melee: Hand axe          |    46 |   133 |   176 |       |       ||   355
       Headbutt          |     7 |    29 |    58 |   136 |    90 ||   320
       Flail             |       |       |   123 |   208 |       ||   331
       War axe           |       |       |       |     3 |       ||     3
       Broad axe         |       |       |       |   341 |   374 ||   715
Throw: Dart              |       |    13 |    13 |       |     4 ||    30
       Boomerang         |       |       |    24 |    26 |    32 ||    82
       Javelin           |       |       |       |       |     9 ||     9
Invok: Berserk           |       |     3 |     3 |     2 |       ||     8
       Trog's Hand       |       |       |     2 |     2 |     4 ||     8
       Brothers in Arms  |       |       |       |       |     1 ||     1
Evoke: Wand              |       |       |       |     2 |     1 ||     3
  Use: Scroll            |       |    11 |     7 |    10 |     5 ||    33
       Potion            |       |       |     2 |     3 |     5 ||    10
Armor: Animal skin       |     5 |     3 |       |       |       ||     8
       Ring mail         |       |    25 |    63 |       |       ||    88
       Chain mail        |       |       |    61 |   242 |   126 ||   429
Dodge: Dodged            |    22 |    79 |   139 |   203 |   130 ||   573
Block: Kite shield       |       |       |       |   201 |   203 ||   404

Table legend: (Time is in decaauts)
 A = Elapsed time spent in this place.
 B = Non-inter-level travel time spent in this place.
 C = Inter-level travel time spent in this place.
 D = Time resting spent in this place.
 E = Time spent auto-exploring this place.
 F = Levels seen in this place.
 G = Mean time per level.
                   A        B        C        D        E       F      G
               +--------+--------+--------+--------+--------+-----+--------+
         Total |  19992 |  18416 |   1576 |   1552 |  13838 |  20 |  999.6 |
       Dungeon |  13687 |  12428 |   1259 |   1235 |   9263 |  11 | 1244.3 |
        Temple |     83 |     63 |     20 |      0 |     34 |   1 |   83.0 |
          Lair |   5770 |   5487 |    283 |    317 |   4243 |   6 |  961.7 |
  Orcish Mines |    452 |    439 |     13 |      0 |    298 |   2 |  226.0 |
               +--------+--------+--------+--------+--------+-----+--------+

Top non-repeatable levels by time:
     D:7: 1920 daAuts
     D:6: 1825 daAuts
     D:3: 1353 daAuts
  Lair:5: 1234 daAuts
  Lair:6: 1220 daAuts
     D:9: 1196 daAuts
     D:2: 1176 daAuts
    D:10: 1159 daAuts
     D:4: 1133 daAuts
    D:11: 1068 daAuts
     D:8: 1065 daAuts
     D:5: 981 daAuts
  Lair:4: 958 daAuts
  Lair:1: 826 daAuts
  Lair:2: 825 daAuts
